[Event "Team 45 45 League T59"]
[Site "Internet Chess Club"]
[Date "2014.01.02"]
[Round "6"]
[White "Nathan-L"]
[Black "drsigmund1"]
[Result "1-0"]
[WhiteElo "1821"]
[BlackElo "1572"]
[Opening "Queen's pawn: Keres defense"]
[ECO "A13"]
[Time "18:00:10"]
[TimeControl "2700+45"]

1. c4 e6 2. d4 b6 3. e3 Bb7 4. Nc3 f5 5. Nf3 Nf6 6. Bd3 Bb4 7. Bd2 Bxc3 8. Bxc3
Ne4 9. Bxe4 Bxe4 10. O-O O-O 11. d5 d6 12. dxe6 Re8 13. Nd4 Qg5 14. g3 Na6 15.
Re1 Nc5 16. h4 Qg6 17. b4 Nd3 18. Rf1 Ne5 19. Kh2 Nxc4 20. Nb5 Re7 21. Qe2 Ne5
22. Bxe5 dxe5 23. Rac1 Rd8 24. Nxc7 Bd3 25. Qd2 e4 26. Rfd1 Rc8 27. Nd5 Qxe6 28.
Rxc8+ Kf7 29. Nxe7 Qxe7 30. Rdc1 Qe5 31. R8c7+ Kg6 32. R1c6+ Kh5 33. Qd1+ {Black
resigns} 1-0

[Event "Team 45 45 League T59"]
[Site "Internet Chess Club"]
[Date "2014.01.05"]
[Round "6"]
[White "sdcohle"]
[Black "AdithJosh"]
[Result "0-1"]
[WhiteElo "1453"]
[BlackElo "1494"]
[Opening "Queen's pawn game"]
[ECO "E10"]
[Time "15:14:37"]
[TimeControl "2700+45"]

1. d4 Nf6 2. c4 e6 3. Nf3 d5 4. e3 Bb4+ 5. Bd2 Bxd2+ 6. Nbxd2 O-O 7. Bd3 dxc4 8.
Bxc4 Nc6 9. O-O b6 10. Rc1 Bb7 11. Nb3 Qd6 12. Rc2 Nb4 13. Rd2 Ng4 14. h3 Bxf3
15. hxg4 Bxd1 16. Rdxd1 Nxa2 17. Be2 Nb4 18. Bf3 Rad8 19. Rfe1 f5 20. Rd2 Rf6
21. Red1 Rh6 22. g3 fxg4 23. Bxg4 Qd5 24. f3 Rf8 25. Nc1 Rxf3 26. Bxf3 Qxf3 27.
Rh2 Qxd1+ 28. Kg2 Qd2+ 29. Kf3 Rxh2 30. Nb3 Qf2+ 31. Ke4 Qf5# {White checkmated}
0-1

[Event "Team 45 45 League T59"]
[Site "Internet Chess Club"]
[Date "2014.01.04"]
[Round "6"]
[White "chesskix"]
[Black "rkaebi"]
[Result "0-1"]
[WhiteElo "1336"]
[BlackElo "1313"]
[Opening "English opening: Agincourt variation"]
[ECO "A13"]
[Time "11:01:06"]
[TimeControl "2700+45"]

1. Nf3 d5 2. c4 e6 3. b3 Nf6 4. Bb2 g6 5. e3 Bg7 6. Be2 O-O 7. O-O b6 8. d3 Bb7
9. Nbd2 c5 10. Rb1 Nc6 11. Ne5 Nxe5 12. Bxe5 Nd7 13. Bxg7 Kxg7 14. d4 cxd4 15.
exd4 Re8 16. Bf3 Qf6 17. cxd5 exd5 18. Nc4 Bc6 19. Ne3 Qd6 20. h4 Nf6 21. h5 Qf4
22. g3 Qg5 23. hxg6 hxg6 24. Kg2 Rh8 25. Qd3 Nh5 26. Bxh5 Rxh5 27. Rh1 Rah8 28.
Rxh5 Rxh5 29. Rh1 Bd7 30. Rxh5 Qxh5 31. Kg1 Qf3 32. Qf1 f5 33. Ng2 Qg4 34. Nf4
Qf3 35. Qe1 Qe4 36. Qxe4 dxe4 37. Kf1 Kf6 38. Ke1 g5 39. Nd5+ Ke6 40. Nb4 a5 41.
Nc2 f4 42. gxf4 gxf4 43. Kd2 Kd5 44. a3 Bb5 45. Ke1 Bd3 46. Ne3+ fxe3 47. fxe3
Bc2 48. b4 axb4 49. axb4 Kc4 50. Kd2 Ba4 51. d5 Kxb4 52. d6 Bc6 53. Kc2 Kc5 54.
Kc3 Kxd6 55. Kb4 Kd5 56. Kc3 Kc5 57. Kb3 b5 58. Kc3 b4+ 59. Kb3 Bd5+ 60. Kb2 Kc4
61. Kc2 b3+ 62. Kb2 Kd3 63. Kc1 Kc3 64. Kb1 Kd3 65. Kc1 Kxe3 66. Kb1 Kd2 67. Kb2
e3 68. Kb1 e2 {White resigns} 0-1

[Event "Team 45 45 League T59"]
[Site "Internet Chess Club"]
[Date "2014.01.05"]
[Round "6"]
[White "alexping"]
[Black "fledermaus"]
[Result "1/2-1/2"]
[WhiteElo "1874"]
[BlackElo "1918"]
[Opening "QGD: Cambridge Springs defense, Capablanca variation"]
[ECO "D52"]
[Time "11:02:51"]
[TimeControl "2700+45"]

1. d4 d5 2. c4 e6 3. Nc3 Nf6 4. Bg5 Nbd7 5. e3 c6 6. Nf3 Qa5 7. Bxf6 Nxf6 8. c5
Ne4 9. Qc2 b6 10. cxb6 Bb4 11. Rc1 axb6 12. Bd3 Nxc3 13. bxc3 Bd6 14. Bxh7 Qxa2
15. O-O Qxc2 16. Bxc2 Bd7 17. Ra1 Ke7 18. Rfb1 {Game drawn by mutual agreement}
1/2-1/2

[Event "Team 45 45 League T59"]
[Site "Internet Chess Club"]
[Date "2014.01.05"]
[Round "6"]
[White "RubberDuck"]
[Black "bobhill"]
[Result "1/2-1/2"]
[WhiteElo "1913"]
[BlackElo "2006"]
[Opening "Sicilian: dragon, Yugoslav attack, Rauser variation"]
[ECO "B76"]
[Time "13:02:10"]
[TimeControl "2700+45"]

1. e4 c5 2. Nf3 d6 3. d4 cxd4 4. Nxd4 Nf6 5. Nc3 g6 6. Be3 Bg7 7. f3 Nc6 8. Qd2
O-O 9. O-O-O d5 10. exd5 Nxd5 11. Nxc6 bxc6 12. Bd4 e5 13. Bc5 Qa5 14. Bxf8 Bxf8
15. Bc4 Nxc3 16. Qxc3 Qxc3 17. bxc3 Rb8 18. Rd8 Kg7 19. Ba6 Be7 20. Rxc8 Bg5+
21. Kd1 Rb1+ 22. Ke2 Rxh1 23. h3 Rg1 24. Kf2 Rd1 25. Rxc6 Rd2+ 26. Kf1 Rxc2 27.
Rc7 Rxa2 28. Rxf7+ Kxf7 29. Bc4+ Ke7 30. Bxa2 Bd2 31. c4 Kd6 32. Ke2 Bf4 33. Kd3
Kc5 34. Kc3 Bg3 35. Bb1 Be1+ 36. Kb3 Kd4 37. Be4 a5 38. Bd5 g5 39. Ka4 h5 40.
Kb5 Bb4 41. Bf7 h4 42. Be6 Ke3 43. c5 Kf2 44. c6 Bd6 45. Kxa5 Kxg2 46. Bg4 Kg3
47. Kb6 e4 48. fxe4 Kf4 49. c7 Bxc7+ 50. Kxc7 Kxe4 51. Kd6 Kd4 52. Ke6 Kc5 53.
Kf6 Kd6 54. Kg6 Ke7 55. Bf3 Kf8 56. Bd5 Ke7 57. Kxg5 Kf8 58. Kh6 Ke7 59. Kg6 Kf8
60. Kf6 Ke8 61. Kg6 Kf8 62. Ba2 Ke7 63. Kh5 Kf6 64. Kxh4 Kg7 65. Kg5 Kh8 66. h4
Kg7 67. h5 Kh8 68. h6 Kh7 69. Bb1+ Kh8 70. Kg6 Kg8 71. h7+ Kh8 72. Ba2 {Black
stalemated} 1/2-1/2

[Event "Team 45 45 League T59"]
[Site "Internet Chess Club"]
[Date "2014.01.03"]
[Round "6"]
[White "qs16"]
[Black "jonesey"]
[Result "0-1"]
[WhiteElo "1746"]
[BlackElo "1879"]
[Opening "Queen's pawn game"]
[ECO "A45"]
[Time "08:31:33"]
[TimeControl "2700+45"]

1. d4 Nf6 2. Nd2 d5 3. e3 c5 4. c3 Bf5 5. Ne2 Nc6 6. Ng3 Bg4 7. Be2 Bxe2 8. Qxe2
e6 9. b3 Qa5 10. Bb2 cxd4 11. exd4 Ba3 12. Bxa3 Qxa3 13. O-O O-O 14. Nb1 Qa5 15.
b4 Qa4 16. Nd2 Rac8 17. Nb3 Ne7 18. Rac1 Rc7 19. Rc2 Rfc8 20. Rfc1 b6 21. h3 Ne8
22. Nh5 Nd6 23. Qe5 Ne8 24. Nf4 Nc6 25. Qe2 Nd6 26. Nd3 Nb5 27. Qd2 Na3 28. Rb2
Nc4 29. Qe2 Nxb2 30. Qxb2 Nd8 31. Qd2 Nb7 32. Rc2 Nd6 33. Nbc1 Ne4 34. Nb2 Qa3
35. Qe3 Rxc3 36. Rxc3 Rxc3 37. Qf4 h6 {White resigns} 0-1

[Event "Team 45 45 League T59"]
[Site "Internet Chess Club"]
[Date "2014.01.05"]
[Round "6"]
[White "gcl"]
[Black "rubo"]
[Result "1-0"]
[WhiteElo "1689"]
[BlackElo "1607"]
[Opening "Caro-Kann: classical variation"]
[ECO "B18"]
[Time "19:00:42"]
[TimeControl "2700+45"]

1. e4 c6 2. d4 d5 3. Nc3 dxe4 4. Nxe4 Bf5 5. Ng3 Bg6 6. Bc4 e6 7. N1e2 Bd6 8. h4
h6 9. Nf4 Bxf4 10. Bxf4 Nf6 11. h5 Bh7 12. O-O O-O 13. c3 Nbd7 14. Re1 Re8 15.
Qb3 Qb6 16. Qa3 a6 17. Rad1 Nd5 18. Bc1 N7f6 19. Bf1 Qc7 20. c4 Nf4 21. Qf3 N4d5
22. cxd5 Nxd5 23. Ne4 Bxe4 24. Rxe4 Kh8 25. Bd3 Qe7 26. Rg4 Rg8 27. Rg3 Rad8 28.
Qe4 Nf6 29. Qe5 Rd5 30. Qe3 Rxh5 31. Rh3 Rxh3 32. Qxh3 Qf8 33. Bf4 Nd7 34. Qe3
g5 35. Be5+ Nxe5 36. Qxe5+ Qg7 37. Qxg7+ Kxg7 38. g4 Rd8 39. Bc2 Rd6 40. Kg2 Rd5
41. a4 a5 42. Bb3 Rd6 43. f3 Kf8 44. Kf2 Ke7 45. Ke3 Rd8 46. Rh1 Rh8 47. Ke4 Kd6
48. Bc4 Rh7 49. Kd3 f5 50. Re1 Re7 51. Re5 fxg4 52. fxg4 b6 53. Re2 Kd7 54. Rh2
Rh7 55. Ke4 Kd6 56. Rh3 Rh8 57. Rf3 h5 58. gxh5 Rxh5 59. Rg3 Rh4+ 60. Kd3 g4 61.
Ke4 Rh2 62. b3 Rh4 63. Kf4 Rh5 64. Rxg4 b5 65. axb5 cxb5 66. Bd3 Rd5 67. Ke4 a4
68. b4 Rh5 69. Rg8 Rh4+ 70. Ke3 Rh3+ 71. Kd2 Rh2+ 72. Kc3 Rh3 73. Rg5 a3 74.
Rxb5 a2 75. Ra5 Rh2 76. Bc2 Rh3+ 77. Kc4 Re3 78. Rxa2 e5 79. Ra6+ Kd7 80. d5 Rh3
81. Bf5+ {Black resigns} 1-0

[Event "Team 45 45 League T59"]
[Site "Internet Chess Club"]
[Date "2014.01.06"]
[Round "6"]
[White "primerpaso"]
[Black "MASTERCHEF"]
[Result "0-1"]
[WhiteElo "1910"]
[BlackElo "1750"]
[Opening "English opening"]
[ECO "A16"]
[Time "19:25:52"]
[TimeControl "2700+45"]

1. c4 Nf6 2. Nc3 g6 3. g3 c6 4. Bg2 Bg7 5. e4 e5 6. Nge2 O-O 7. O-O d6 8. d4
Nbd7 9. h3 exd4 10. Nxd4 Re8 11. Be3 Nc5 12. Qc2 Qe7 13. Bg5 h6 14. Bxf6 Bxf6
15. Nb3 Nxb3 16. axb3 Be6 17. Rfd1 Qc7 18. Qd2 Kg7 19. Qxd6 Qb6 20. Qa3 Bd4 21.
Rd2 Rad8 22. Na4 Qa5 23. Rc2 Qh5 24. Kh2 g5 25. f3 g4 26. fxg4 Bxg4 27. b4 Rxe4
28. Nc5 Re3 29. Qxa7 Qe5 30. Qxb7 Qxg3+ 31. Kh1 Re1+ {White resigns} 0-1

[Event "Team 45 45 League T59"]
[Site "Internet Chess Club"]
[Date "2014.01.07"]
[Round "6"]
[White "Heian"]
[Black "elmaestro"]
[Result "1-0"]
[WhiteElo "1805"]
[BlackElo "1776"]
[Opening "Sicilian"]
[ECO "B50"]
[Time "16:44:56"]
[TimeControl "2700+45"]

1. e4 c5 2. Nf3 d6 3. Bc4 e6 4. Bb3 Nf6 5. d3 Nc6 6. c3 g6 7. h3 Bg7 8. Be3 O-O
9. O-O a6 10. Qc1 Re8 11. Bh6 Bh8 12. Nbd2 b5 13. Bc2 Bb7 14. Nh2 d5 15. f4 dxe4
16. dxe4 b4 17. Bg5 Qc7 18. e5 Nd5 19. Ne4 bxc3 20. bxc3 Qa5 21. Bb3 c4 22. Bxc4
Qb6+ 23. Kh1 Ne3 24. Bd3 Nxf1 25. Qxf1 Ne7 26. Ng4 Bxe4 27. Bxe4 Nf5 28. Kh2
Rab8 29. Qe1 Bg7 30. Rb1 Qc5 31. Rd1 h6 32. Nf6+ Bxf6 33. Bxf6 Qxc3 34. Qxc3
{Black resigns} 1-0

[Event "Team 45 45 League T59"]
[Site "Internet Chess Club"]
[Date "2014.01.10"]
[Round "6"]
[White "nanning"]
[Black "QuieroAprender"]
[Result "0-1"]
[WhiteElo "1612"]
[BlackElo "1739"]
[Opening "QGA: 3.e4"]
[ECO "D20"]
[Time "14:31:34"]
[TimeControl "2700+45"]

1. d4 d5 2. c4 dxc4 3. e4 c5 4. Nf3 Bg4 5. Qa4+ Qd7 6. Qxd7+ Nxd7 7. dxc5 Bxf3
8. gxf3 Ne5 9. f4 Nf3+ 10. Ke2 Nd4+ 11. Ke3 Nc2+ {White resigns} 0-1

[Event "Team 45 45 League T59"]
[Site "Internet Chess Club"]
[Date "2014.01.07"]
[Round "6"]
[White "alexine"]
[Black "BrerRabbit"]
[Result "1-0"]
[WhiteElo "1664"]
[BlackElo "1518"]
[Opening "Old Indian: Tartakower (Wade) variation"]
[ECO "A41"]
[Time "14:01:44"]
[TimeControl "2700+45"]

1. d4 d6 2. Nf3 Bg4 3. e4 Nf6 4. Bd3 c6 5. Bg5 Qb6 6. Nbd2 Nbd7 7. Nc4 Qc7 8. h3
Bh5 9. g4 Bg6 10. Bxf6 Nxf6 11. e5 Nd5 12. Bxg6 hxg6 13. exd6 exd6 14. Qd2 Qe7+
15. Ne3 Qe4 16. Qe2 Nf4 17. Qd1 Rxh3 18. Rxh3 Nxh3 19. Nd2 Be7 20. Nxe4 {Black
resigns} 1-0

[Event "Team 45 45 League T59"]
[Site "Internet Chess Club"]
[Date "2014.01.04"]
[Round "6"]
[White "minke"]
[Black "Greedy-Reedy"]
[Result "0-1"]
[WhiteElo "1883"]
[BlackElo "1978"]
[Opening "Pirc: Austrian attack, 6.e5"]
[ECO "B09"]
[Time "04:02:46"]
[TimeControl "2700+45"]

1. e4 d6 2. d4 Nf6 3. Nc3 g6 4. f4 Bg7 5. Nf3 O-O 6. e5 dxe5 7. fxe5 Nd5 8. Bc4
Nb6 9. Bb3 Nc6 10. Be3 Na5 11. Qd2 Nbc4 12. Qe2 Nxb3 13. axb3 Nxe3 14. Qxe3 f6
15. O-O Bf5 16. Rf2 c6 17. Nh4 fxe5 18. Nxf5 Rxf5 19. Rxf5 gxf5 20. dxe5 a6 21.
Rd1 Qc7 22. e6 Rd8 23. Qc5 Rxd1+ 24. Nxd1 Qd8 25. Nf2 Qd2 26. Nd3 Bf6 27. Qxf5
Qd1+ 28. Kf2 Qxc2+ 29. Kf1 Qxb3 30. g4 Qd1+ 31. Kf2 Qd2+ 32. Kg3 Qe3+ 33. Kg2 c5
34. h4 Qe2+ 35. Kg3 c4 36. g5 Qxd3+ 37. Qxd3 Be5+ {White resigns} 0-1

[Event "Team 45 45 League T59"]
[Site "Internet Chess Club"]
[Date "2014.01.04"]
[Round "6"]
[White "LittleButton"]
[Black "Tamarin"]
[Result "1/2-1/2"]
[WhiteElo "1874"]
[BlackElo "1909"]
[Opening "Caro-Kann: exchange, Rubinstein variation"]
[ECO "B13"]
[Time "03:01:05"]
[TimeControl "2700+45"]

1. e4 c6 2. d4 d5 3. exd5 cxd5 4. Bd3 Nc6 5. c3 Nf6 6. Bf4 Bg4 7. Qb3 Qd7 8. Nd2
e6 9. Ngf3 Bxf3 10. Nxf3 Bd6 11. Bxd6 Qxd6 12. Qxb7 O-O 13. O-O Rfb8 14. Qa6 Rb6
15. Qa3 Qxa3 16. bxa3 Rc8 17. Rab1 Na5 18. Rxb6 axb6 19. Rc1 Nc4 20. Bxc4 dxc4
21. Ne5 Ne4 22. f3 Nf6 23. Rb1 Nd5 24. Rb2 f6 25. Nd7 Nxc3 26. Nxb6 Rc6 27. a4
Nd1 28. Rb1 Nc3 29. Rb2 Nd1 30. Rb1 {Game drawn by mutual agreement} 1/2-1/2

[Event "Team 45 45 League T59"]
[Site "Internet Chess Club"]
[Date "2014.01.06"]
[Round "6"]
[White "spuzzy"]
[Black "badmove"]
[Result "1/2-1/2"]
[WhiteElo "1769"]
[BlackElo "1527"]
[Opening "Ruy Lopez: closed, Chigorin, 12...Nc6"]
[ECO "C98"]
[Time "17:26:04"]
[TimeControl "2700+45"]

1. e4 e5 2. Nf3 Nc6 3. Bb5 a6 4. Ba4 Nf6 5. O-O Be7 6. Re1 b5 7. Bb3 d6 8. c3
O-O 9. h3 Na5 10. Bc2 c5 11. d4 Qc7 12. Nbd2 Nc6 13. d5 Nd8 14. a4 Bb7 15. axb5
axb5 16. Rxa8 Bxa8 17. Nf1 Ne8 18. Ng3 g6 19. Bh6 Ng7 20. Qa1 Nb7 21. Qa7 Qb8
22. Ra1 Qxa7 23. Rxa7 f6 24. h4 Rb8 25. Nh2 Bd8 26. Bxg7 Kxg7 27. h5 Bb6 28. Ra6
Nd8 29. Ng4 Nf7 30. Kf1 Bc7 31. Ke2 Bb7 32. Ra1 Ra8 33. Rxa8 Bxa8 34. b3 Nh6 35.
Nxh6 Kxh6 36. c4 b4 37. hxg6 hxg6 38. Ke3 Bb7 39. f4 exf4+ 40. Kxf4 g5+ 41. Kf5
Kg7 42. Nh5+ Kf7 43. Kg4 Bc8+ 44. Kf3 Bd8 45. Bd1 f5 46. exf5 Bxf5 47. Ng3 Kg6
48. Ke3 g4 49. Ne4 Bxe4 {Game drawn by mutual agreement} 1/2-1/2

[Event "Team 45 45 League T59"]
[Site "Internet Chess Club"]
[Date "2014.01.04"]
[Round "6"]
[White "Schachteufel"]
[Black "az2112"]
[Result "1/2-1/2"]
[WhiteElo "1681"]
[BlackElo "1677"]
[Opening "Ruy Lopez: closed"]
[ECO "C90"]
[Time "12:05:38"]
[TimeControl "2700+45"]

1. e4 e5 2. Nf3 Nc6 3. Bb5 a6 4. Ba4 Nf6 5. O-O Be7 6. Re1 b5 7. Bb3 d6 8. h3
Na5 9. Nc3 Nxb3 10. axb3 O-O 11. Kh2 c5 12. d3 h6 13. Rg1 Ne8 14. Nxb5 f5 15.
Nc3 f4 16. Nd5 g5 17. c3 Kh7 18. d4 g4 19. hxg4 Bh4 20. g3 fxg3+ 21. fxg3 Bxg4
22. Qe1 Rxf3 23. gxh4 Rh3+ 24. Kg2 {Game drawn by mutual agreement} 1/2-1/2

[Event "Team 45 45 League T59"]
[Site "Internet Chess Club"]
[Date "2014.01.05"]
[Round "6"]
[White "pishd"]
[Black "BuddyT"]
[Result "1/2-1/2"]
[WhiteElo "1780"]
[BlackElo "1875"]
[Opening "QGD Slav: exchange variation"]
[ECO "D13"]
[Time "11:05:01"]
[TimeControl "2700+45"]

1. d4 d5 2. Nf3 Nf6 3. c4 c6 4. cxd5 cxd5 5. Nc3 Nc6 6. Bf4 a6 7. Rc1 e6 8. e3
Be7 9. Bd3 O-O 10. O-O Nh5 11. Bg3 Bd7 12. a3 Nxg3 13. hxg3 f5 14. b4 Rb8 15.
Na4 a5 16. b5 Na7 17. Qb3 Qe8 18. Nc3 Nc8 19. Ne5 Nb6 20. Na4 Nxa4 21. Qxa4 Bd6
22. Nf3 Qe7 {Game drawn by mutual agreement} 1/2-1/2

[Event "Team 45 45 League T59"]
[Site "Internet Chess Club"]
[Date "2014.01.04"]
[Round "6"]
[White "Goli"]
[Black "Muravey"]
[Result "1/2-1/2"]
[WhiteElo "1835"]
[BlackElo "1999"]
[Opening "Sicilian: Alapin's variation (2.c3)"]
[ECO "B22"]
[Time "16:34:41"]
[TimeControl "2700+45"]

1. e4 c5 2. c3 Nf6 3. e5 Nd5 4. d4 cxd4 5. cxd4 e6 6. Nf3 d6 7. Bc4 Nb6 8. Bb3
dxe5 9. dxe5 Qxd1+ 10. Bxd1 Bd7 11. Be2 Bc6 12. O-O N8d7 13. Bf4 Bc5 14. Nbd2 h6
15. Nb3 Be7 16. Nbd4 Bd5 17. b3 a6 18. Rac1 g5 19. Bg3 g4 20. Nd2 Bg5 21. Rc2 h5
22. f4 Be7 23. Bf2 Bc5 24. Rfc1 Ba3 25. Rd1 Nf8 26. Nxe6 Nxe6 27. Bxb6 Nxf4 28.
Nb1 Be7 29. Bf1 h4 30. Be3 Be4 31. Rc4 Bxb1 32. Rxb1 Nd5 33. Bf2 Rg8 34. Rd1 Rd8
35. g3 b5 36. Rcd4 hxg3 37. hxg3 Nc3 38. Rxd8+ Bxd8 39. Rd6 Rg6 40. Rxg6 fxg6
41. a4 bxa4 42. bxa4 a5 43. Bb5+ Nxb5 44. axb5 a4 45. Kf1 a3 46. Ke2 a2 47. Bd4
Kd7 48. Kd3 Bb6 49. Ba1 Ke6 50. Ke4 Bf2 51. Kf4 Kd5 52. Kxg4 Bd4 53. e6 Bc5 54.
b6 Kxe6 55. b7 Bd6 56. Kg5 Kd7 57. Kxg6 Kc7 58. g4 Kxb7 59. Kf5 Bf8 60. g5 {Game
drawn by mutual agreement} 1/2-1/2

[Event "Team 45 45 League T59"]
[Site "Internet Chess Club"]
[Date "2014.01.11"]
[Round "6"]
[White "Constrictor"]
[Black "room-matt"]
[Result "0-1"]
[WhiteElo "1623"]
[BlackElo "1835"]
[Opening "Bogo-Indian defense, Nimzovich variation"]
[ECO "E11"]
[Time "11:05:40"]
[TimeControl "2700+45"]

1. Nf3 Nf6 2. d4 e6 3. c4 Bb4+ 4. Bd2 Qe7 5. g3 d5 6. Qc2 dxc4 7. Qxc4 Bxd2+ 8.
Nbxd2 Nc6 9. Bg2 O-O 10. O-O Bd7 11. a3 Rfe8 12. Rac1 Nd5 13. b4 a5 14. b5 Na7
15. a4 c6 16. bxc6 Bxc6 17. Ne5 Rac8 18. Qc5 b6 19. Qxe7 Nxe7 20. Nxc6 Naxc6 21.
e3 Nb4 22. Bb7 Rb8 23. Rc7 Ned5 24. Bxd5 Nxd5 25. Rc6 Nb4 26. Rc4 f6 27. Rfc1 e5
28. Nb3 b5 29. axb5 Rxb5 30. Ra1 exd4 31. Nxd4 Rd5 32. Nb3 Red8 33. Rxa5 Rxa5
34. Nxa5 Rd1+ 35. Kg2 Nd3 36. Rc2 Ne1+ {White resigns} 0-1

[Event "Team 45 45 League T59"]
[Site "Internet Chess Club"]
[Date "2014.01.06"]
[Round "6"]
[White "tsia68"]
[Black "Frankly"]
[Result "1-0"]
[WhiteElo "1795"]
[BlackElo "1789"]
[Opening "Benko's opening"]
[ECO "A00"]
[Time "14:01:31"]
[TimeControl "2700+45"]

1. g3 d5 2. Bg2 Nc6 3. Nf3 e5 4. d3 Nf6 5. O-O Be7 6. Nbd2 O-O 7. e4 Bg4 8. h3
Bd7 9. c3 Qc8 10. Kh2 Rd8 11. Qe2 dxe4 12. dxe4 b5 13. Qxb5 Nd4 14. Qxe5 Nc2 15.
Qxe7 Nxa1 16. Ng5 Be8 17. e5 Nd5 18. Qc5 c6 19. Nc4 Qf5 20. Be4 Qd7 21. Bxh7+
Kh8 22. Qf8# {Black checkmated} 1-0